Lake Erie Monsters vs Rimouski Oceanic

Created - 2 novembre 2017 at 18:13

Goals
1 2 3 T
Lake Erie Monsters 1 3 1 5
Rimouski Oceanic 1 1 0 2
Shots
1 2 3 T
Lake Erie Monsters 13 18 7 38
Rimouski Oceanic 12 6 9 27

1st period

1. Rimouski Oceanic , Marco Roy 2 (Joe Whitney 4, Zach Redmond 9) at 4:16
2. Lake Erie Monsters , Hunter Shinkaruk 6 (Maxim Lamarche 7) at 8:18

Penalties :
No Penalty

2nd period

3. Lake Erie Monsters , Hunter Shinkaruk 7 (Nick Cousins 10, Ondrej Kase 11) at 7:06
4. Lake Erie Monsters , Nick Cousins 10 (Kurtis MacDermid 4) at 9:26
5. Rimouski Oceanic , Zach Sanford 9 (Steven Fogarty 3) at 12:10
6. Lake Erie Monsters , Matt Puempel 7 (Chase Balisy 9) at 12:45

Penalties :
Steven Fogarty (OCE) for Fighting (Major) at 1:28, Kurtis MacDermid (MST) for Fighting (Major) at 1:28

3rd period

7. Lake Erie Monsters , Ondrej Kase 7 (Hunter Shinkaruk 7, Nick Cousins 11) at 8:41

Penalties :
Joe Whitney (OCE) for Interference (Minor) at 15:29, Steven Fogarty (OCE) for Holding (Minor) at 18:24

Goalie Stats

Jamie Phillips (MST), 25 saves from 27 shots - (0,926), W, 3-3-1, 60:00 minutes
Parker Milner (OCE), 33 saves from 38 shots - (0,868), L, 3-3-0, 60:00 minutes

Players Stats for Lake Erie Monsters

Player Name              G  A  P  +/- PIM S  H  SB GA TA FO     MP     PP MP  PK MP  
------------------------------------------------------------------------------------
Brandon Bollig           0  0  0  -1  0   2  2  0  1  0  0/0    10:14   0:14   0:00 
Brendan Woods            0  0  0   0  0   4  2  2  1  0  2/7    12:36   0:00   0:00 
Chase Balisy             0  1  1   1  0   0  0  0  1  0  10/14  16:12   1:44   0:00 
Darren Dietz             0  0  0   3  0   1  3  2  0  0  0/0    20:00   1:31   0:00 
Derek Hulak              0  0  0   0  0   2  1  0  0  0  0/0    12:36   0:00   0:00 
Dysin Mayo               0  0  0   1  0   0  1  1  1  0  0/0    17:07   0:00   0:00 
Hunter Shinkaruk         2  1  3   3  0   4  0  1  0  0  2/2    21:12   1:50   0:00 
Jeremy Morin             0  0  0   1  0   2  1  0  2  0  0/0    16:12   1:44   0:00 
Joe Hicketts             0  0  0  -1  0   1  1  0  0  0  0/0    23:55   2:03   0:00 
Kurtis MacDermid         0  1  1   3  5   0  3  0  0  0  0/0    17:23   0:00   0:00 
Matt MacKenzie           0  0  0  -1  0   0  2  0  0  0  0/0    10:00   0:00   0:00 
Matt Puempel             1  0  1   1  0   7  0  0  0  0  0/0    16:12   1:44   0:00 
Maxim Lamarche           0  1  1  -1  0   3  2  2  0  1  0/0    23:55   2:03   0:00 
Nick Cousins             1  2  3   3  0   4  2  2  1  0  19/36  20:58   1:36   0:00 
Ondrej Kase              1  1  2   3  0   5  0  0  2  0  1/3    20:58   1:36   0:00 
Robert Hagg              0  0  0   1  0   0  4  1  0  1  0/0    17:39   1:31   0:00 
Ryan Olsen               0  0  0  -1  0   0  2  0  0  0  2/5    10:00   0:00   0:00 
Turner Elson             0  0  0   0  0   3  4  0  0  1  0/0    12:50   0:14   0:00 

Players Stats for Rimouski Oceanic

Player Name              G  A  P  +/- PIM S  H  SB GA TA FO     MP     PP MP  PK MP  
------------------------------------------------------------------------------------
Alexandre Ranger         0  0  0  -2  0   0  2  1  1  0  0/2    18:33   0:00   0:00 
Andreas Englund          0  0  0   0  0   1  1  0  0  0  0/0    15:35   0:00   0:07 
Ben Marshall             0  0  0  -1  0   0  0  0  0  1  0/0     6:03   0:00   0:00 
Dylan Blujus             0  0  0   0  0   0  1  2  0  0  0/0    18:14   0:00   1:30 
Garrett Noonan           0  0  0  -1  0   0  0  0  0  0  0/0     6:51   0:00   0:00 
Joe Whitney              0  1  1   0  2   4  2  1  0  0  0/4    23:01   0:00   0:08 
Jordan Nolan             0  0  0   0  0   5  0  0  0  1  2/3    10:00   0:00   0:00 
Kyle Burroughs           0  0  0   0  0   0  0  0  0  0  0/0     4:48   0:00   1:30 
Loic Leduc               0  0  0  -1  0   0  0  1  0  0  0/0     6:51   0:00   0:00 
Marco Roy                1  0  1   0  0   1  0  1  0  0  7/15   18:06   0:00   0:50 
Mark Alt                 0  0  0   0  0   0  0  2  0  1  0/0    13:15   0:00   0:00 
Mattias Backman          0  0  0   1  0   1  1  0  0  0  0/0    12:03   0:00   0:00 
Mikkel Aagaard           0  0  0   0  0   0  2  2  0  1  2/2    24:13   0:00   2:38 
Riley Barber             0  0  0  -1  0   3  1  3  1  3  16/31  27:14   0:00   2:36 
Steven Fogarty           0  1  1  -2  7   2  1  1  0  0  4/10   20:20   0:00   0:00 
Taylor Fedun             0  0  0  -3  0   1  0  3  0  0  0/0    23:57   0:00   2:04 
Zach Redmond             0  1  1  -3  0   2  0  2  0  2  0/0    24:08   0:00   2:04 
Zach Sanford             1  0  1  -2  0   7  2  0  1  0  0/0    23:11   0:00   0:49 

3 Stars

1 - Hunter Shinkaruk (MST)
2 - Nick Cousins (MST)
3 - Ondrej Kase (MST)

Power Play

Lake Erie Monsters - 0 on 2 Attempt(s) - 0,00%
Rimouski Oceanic - 0 on 0 Attempt(s) - 0,00%

Penalty Kill

Lake Erie Monsters - 0 on 0 Attempt(s) - 0,00% - Score 0 goal in Penalty Kill
Rimouski Oceanic - 2 on 2 Attempt(s) - 100,00% - Score 0 goal in Penalty Kill

Team Stat

Lake Erie Monsters - Hits : 30 - Faceoff Wins : 36 - Blocked Shots : 11 - Penalty Minutes : 5
Rimouski Oceanic - Hits : 13 - Faceoff Wins : 31 - Blocked Shots : 19 - Penalty Minutes : 9

Official

Referees : Dave Jackson and Mike Leggo
Linesman : Matt MacPherson and Tim Nowak

Game Notes

Steven Fogarty and Kurtis MacDermid fight to a draw at 1:28 of 2nd period
Jordan Nolan is injured at 5:12 of 2nd period (Right Hand)
Mark Alt is injured at 4:03 of 3rd period (Sore Right Knee)

Finance

Level 1 -- Attendance: 1369 (68,45%) -- Ticket Income 47 915 $
Level 2 -- Attendance: 820 (82,00%) -- Ticket Income 12 300 $
Total Attendance: 2189 (72,97%)
Total Ticket Income: 60 215 $
Other Income: 29 505 $
Total Income: 89 720 $

Lake Erie Monsters

5 vs 5 Forward 
   Center                   Left Wing                Right Wing               Time % Phy DF OF 
 1 Nick Cousins             Hunter Shinkaruk         Ondrej Kase              40     0   2  3  
 2 Chase Balisy             Matt Puempel             Jeremy Morin             30     0   2  3  
 3 Brendan Woods            Turner Elson             Derek Hulak              20     0   3  2  
 4 Ryan Olsen               Brandon Bollig           Matt MacKenzie           10     2   2  1  

5 vs 5 Defense 
   Defense                  Defense                                           Time % Phy DF OF 
 1 Joe Hicketts             Maxim Lamarche                                    40     0   3  2  
 2 Kurtis MacDermid         Darren Dietz                                      33     0   3  2  
 3 Dysin Mayo               Robert Hagg                                       27     0   3  2  
 4 Kurtis MacDermid         Dysin Mayo                                        0      1   2  2  

PowerPlay Forward 
   Center                   Left Wing                Right Wing               Time % Phy DF OF 
 1 Nick Cousins             Hunter Shinkaruk         Ondrej Kase              60     0   0  5  
 2 Chase Balisy             Matt Puempel             Jeremy Morin             40     0   0  5  

PowerPlay Defense
   Defense                  Defense                                           Time % Phy DF OF 
 1 Joe Hicketts             Maxim Lamarche                                    60     0   1  4  
 2 Robert Hagg              Darren Dietz                                      40     0   1  4  

Penalty Kill 4 Players Forward 
   Center                   Wing                     Time % Phy DF OF 
 1 Nick Cousins             Hunter Shinkaruk         60     1   3  1  
 2 Ondrej Kase              Chase Balisy             40     1   3  1  

Penalty Kill 4 Players Defense
   Defense                  Defense                  Time % Phy DF OF 
 1 Robert Hagg              Maxim Lamarche           60     1   4  0  
 2 Joe Hicketts             Darren Dietz             40     1   4  0  

Penalty Kill - 3 Players Forward 
   Forward                                           Time % Phy DF OF 
 1 Nick Cousins                                      60     1   4  0  
 2 Hunter Shinkaruk                                  40     1   4  0  

Penalty Kill - 3 Players Defense
   Defense                  Defense                  Time % Phy DF OF 
 1 Robert Hagg              Maxim Lamarche           60     1   4  0  
 2 Joe Hicketts             Darren Dietz             40     1   4  0  

4 vs 4 Forward 
   Center                   Wing                     Time % Phy DF OF 
 1 Nick Cousins             Hunter Shinkaruk         60     1   2  2  
 2 Ondrej Kase              Chase Balisy             40     1   2  2  

4 vs 4 Defense
   Defense                  Defense                  Time % Phy DF OF 
 1 Robert Hagg              Maxim Lamarche           60     1   2  2  
 2 Joe Hicketts             Darren Dietz             40     1   2  2  

Last Minutes Offensive
   Center                   Left Wing                Right Wing               Defense                  Defense                  
   Nick Cousins             Hunter Shinkaruk         Ondrej Kase              Joe Hicketts             Maxim Lamarche           

Last Minutes Defensive
   Center                   Left Wing                Right Wing               Defense                  Defense                  
   Nick Cousins             Hunter Shinkaruk         Ondrej Kase              Joe Hicketts             Maxim Lamarche           

Goaltenders
Starting : Jamie Phillips           
Backup : Jonas Gunnarsson         

Extra Forwards
Normal : Turner Elson, Brandon Bollig, Derek Hulak - PP : Turner Elson, Brandon Bollig - PK : Derek Hulak
Extra Defensemen
Normal : Dysin Mayo, Robert Hagg, Kurtis MacDermid - PP : Matt MacKenzie - PK : Robert Hagg, Kurtis MacDermid
Penalty Shots
Nick Cousins, Hunter Shinkaruk, Ondrej Kase, Chase Balisy, Matt Puempel

Scratches
None

Rimouski Oceanic

5 vs 5 Forward 
   Center                   Left Wing                Right Wing               Time % Phy DF OF 
 1 Riley Barber             Jordan Nolan             Mikkel Aagaard           40     1   2  2  
 2 Steven Fogarty           Zach Sanford             Alexandre Ranger         30     1   2  2  
 3 Marco Roy                Joe Whitney              Riley Barber             20     1   2  2  
 4 Jordan Nolan             Zach Sanford             Steven Fogarty           10     1   2  2  

5 vs 5 Defense 
   Defense                  Defense                                           Time % Phy DF OF 
 1 Zach Redmond             Taylor Fedun                                      40     1   2  2  
 2 Mark Alt                 Dylan Blujus                                      30     1   2  2  
 3 Andreas Englund          Mattias Backman                                   20     1   2  2  
 4 Loic Leduc               Garrett Noonan                                    10     1   2  2  

PowerPlay Forward 
   Center                   Left Wing                Right Wing               Time % Phy DF OF 
 1 Riley Barber             Jordan Nolan             Mikkel Aagaard           60     1   2  2  
 2 Steven Fogarty           Zach Sanford             Alexandre Ranger         40     1   2  2  

PowerPlay Defense
   Defense                  Defense                                           Time % Phy DF OF 
 1 Zach Redmond             Taylor Fedun                                      60     1   2  2  
 2 Mark Alt                 Dylan Blujus                                      40     1   2  2  

Penalty Kill 4 Players Forward 
   Center                   Wing                     Time % Phy DF OF 
 1 Riley Barber             Jordan Nolan             60     1   2  2  
 2 Zach Sanford             Steven Fogarty           40     1   2  2  

Penalty Kill 4 Players Defense
   Defense                  Defense                  Time % Phy DF OF 
 1 Zach Redmond             Taylor Fedun             60     1   2  2  
 2 Mark Alt                 Dylan Blujus             40     1   2  2  

Penalty Kill - 3 Players Forward 
   Forward                                           Time % Phy DF OF 
 1 Riley Barber                                      60     1   2  2  
 2 Jordan Nolan                                      40     1   2  2  

Penalty Kill - 3 Players Defense
   Defense                  Defense                  Time % Phy DF OF 
 1 Zach Redmond             Taylor Fedun             60     1   2  2  
 2 Mark Alt                 Dylan Blujus             40     1   2  2  

4 vs 4 Forward 
   Center                   Wing                     Time % Phy DF OF 
 1 Riley Barber             Jordan Nolan             60     1   2  2  
 2 Zach Sanford             Steven Fogarty           40     1   2  2  

4 vs 4 Defense
   Defense                  Defense                  Time % Phy DF OF 
 1 Zach Redmond             Taylor Fedun             60     1   2  2  
 2 Mark Alt                 Dylan Blujus             40     1   2  2  

Last Minutes Offensive
   Center                   Left Wing                Right Wing               Defense                  Defense                  
   Riley Barber             Jordan Nolan             Mikkel Aagaard           Zach Redmond             Taylor Fedun             

Last Minutes Defensive
   Center                   Left Wing                Right Wing               Defense                  Defense                  
   Riley Barber             Jordan Nolan             Mikkel Aagaard           Zach Redmond             Taylor Fedun             

Goaltenders
Starting : Parker Milner            
Backup : Jeremy Smith             

Extra Forwards
Normal : Joe Whitney, Marco Roy, Mikkel Aagaard - PP : Joe Whitney, Marco Roy - PK : Mikkel Aagaard
Extra Defensemen
Normal : Ben Marshall, Kyle Burroughs, Andreas Englund - PP : Ben Marshall - PK : Kyle Burroughs, Andreas Englund
Penalty Shots
Riley Barber, Jordan Nolan, Zach Sanford, Steven Fogarty, Joe Whitney

Scratches
Bobby Farnham (Suspend), Scooter Vaughan (Healthy), Ethan Werek (Healthy), Nick Paul (Healthy), Christoph Bertschy (Healthy)
Shane Harper (Healthy), Patrice Cormier (Healthy), Justin Peters (Healthy)

% Time on Ice - Lake Erie Monsters

Lines # - Real PCT - Wanted PCT - Time Play
Normal Forward
1 - 34% - 40% - 19:22
2 - 26% - 30% - 14:28
3 - 22% - 20% - 12:36
4 - 18% - 10% - 10:00
Normal Defense
1 - 39% - 40% - 21:52
2 - 33% - 33% - 18:29
3 - 27% - 27% - 15:31
4 - 1% - 0% - 0:34
PP Forward
1 - 51% - 60% - 1:50
2 - 49% - 40% - 1:44
PP Defense
1 - 57% - 60% - 2:03
2 - 43% - 40% - 1:31
PK Forward
1 - 0% - 60%
2 - 0% - 40%
PK Defense
1 - 0% - 60%
2 - 0% - 40%
PK3 Forward
1 - 0% - 60%
2 - 0% - 40%
PK3 Defense
1 - 0% - 60%
2 - 0% - 40%
44 Forward
1 - 0% - 60%
2 - 0% - 40%
44 Defense
1 - 0% - 60%
2 - 0% - 40%
Last Minute Offensive  - 0:00
Last Minute Defensive  - 0:00
Total
Forward - 60:00
Defense - 60:00

% Time on Ice - Rimouski Oceanic

Lines # - Real PCT - Wanted PCT - Time Play
Normal Forward
1 - 39% - 40% - 22:16
2 - 26% - 30% - 14:35
3 - 16% - 20% - 8:51
4 - 19% - 10% - 10:44
Normal Defense
1 - 37% - 40% - 20:54
2 - 30% - 30% - 16:44
3 - 21% - 20% - 11:57
4 - 12% - 10% - 6:51
PP Forward
1 - 0% - 60%
2 - 0% - 40%
PP Defense
1 - 0% - 60%
2 - 0% - 40%
PK Forward
1 - 100% - 60% - 3:34
2 - 0% - 40% - 0:00
PK Defense
1 - 58% - 60% - 2:04
2 - 42% - 40% - 1:30
PK3 Forward
1 - 0% - 60%
2 - 0% - 40%
PK3 Defense
1 - 0% - 60%
2 - 0% - 40%
44 Forward
1 - 0% - 60%
2 - 0% - 40%
44 Defense
1 - 0% - 60%
2 - 0% - 40%
Last Minute Offensive  - 0:00
Last Minute Defensive  - 0:00
Total
Forward - 60:00
Defense - 60:00

Play by Play

1st period


0:01 of 1st period - Riley Barber wins face-off versus Nick Cousins in neutral zone.
0:32 of 1st period - Slapshot by Matt Puempel.
0:32 of 1st period - Shot Misses the Net.
0:34 of 1st period - Snap shot by Chase Balisy.
0:34 of 1st period - Deflect By Matt Puempel.
0:34 of 1st period - Shot Misses the Net.
0:34 of 1st period - Puck is out of play.
0:35 of 1st period - Marco Roy wins face-off versus Brendan Woods in Rimouski Oceanic zone.
0:45 of 1st period - Wrist shot by Joe Whitney.
0:45 of 1st period - Stopped by Jamie Phillips with a rebound.
0:47 of 1st period - Snap shot by Riley Barber.
0:47 of 1st period - Shot Misses the Net.
1:05 of 1st period - Matt MacKenzie is hit by Dylan Blujus.
1:41 of 1st period - Snap shot by Chase Balisy.
1:41 of 1st period - Deflect By Matt Puempel.
1:41 of 1st period - Stopped by Parker Milner with a rebound.
2:03 of 1st period - Steven Fogarty is hit by Turner Elson and loses puck.
2:39 of 1st period - Joe Whitney is hit by Nick Cousins and loses puck.
3:48 of 1st period - Snap shot by Brandon Bollig.
3:48 of 1st period - Stopped by Parker Milner with a rebound.
4:01 of 1st period - Mikkel Aagaard is hit by Maxim Lamarche and loses puck.
4:14 of 1st period - Snap shot by Joe Whitney.
4:14 of 1st period - Stopped by Jamie Phillips with a rebound.
4:16 of 1st period - Snap shot by Marco Roy.
4:16 of 1st period - Goal by Marco Roy - Lake Erie Monsters : 0 - Rimouski Oceanic : 1.
4:17 of 1st period - Nick Cousins wins face-off versus Steven Fogarty in neutral zone.
4:42 of 1st period - Dylan Blujus is hit by Jeremy Morin and loses puck.
5:17 of 1st period - Wrist shot by Ondrej Kase.
5:17 of 1st period - Shot Misses the Net.
5:23 of 1st period - Ondrej Kase is hit by Zach Sanford and loses puck.
5:34 of 1st period - Snap shot by Matt Puempel.
5:34 of 1st period - Stopped by Parker Milner with a rebound.
5:54 of 1st period - Loic Leduc is hit by Kurtis MacDermid and loses puck.
6:37 of 1st period - Wrist shot by Matt MacKenzie.
6:37 of 1st period - Shot Misses the Net.
7:08 of 1st period - Off-side.
7:09 of 1st period - Brendan Woods wins face-off versus Riley Barber in neutral zone.
7:14 of 1st period - Wrist shot by Derek Hulak.
7:14 of 1st period - Shot Hit the Post.
7:16 of 1st period - Wrist shot by Brendan Woods.
7:16 of 1st period - Stopped by Parker Milner with a rebound.
8:03 of 1st period - Icing by Brandon Bollig.
8:04 of 1st period - Ryan Olsen wins face-off versus Steven Fogarty in Lake Erie Monsters zone.
8:14 of 1st period - Snap shot by Hunter Shinkaruk.
8:14 of 1st period - Shot Misses the Net.
8:16 of 1st period - Slapshot by Maxim Lamarche.
8:16 of 1st period - Shot Misses the Net.
8:18 of 1st period - Snap shot by Hunter Shinkaruk.
8:18 of 1st period - Goal by Hunter Shinkaruk - Lake Erie Monsters : 1 - Rimouski Oceanic : 1.
8:19 of 1st period - Nick Cousins wins face-off versus Riley Barber in neutral zone.
8:22 of 1st period - Wrist shot by Hunter Shinkaruk.
8:22 of 1st period - Shot Blocked by Riley Barber.
8:52 of 1st period - Wrist shot by Mikkel Aagaard.
8:52 of 1st period - Shot Misses the Net.
8:54 of 1st period - Slapshot by Jordan Nolan.
8:54 of 1st period - Stopped by Jamie Phillips with a rebound.
8:56 of 1st period - Wrist shot by Jordan Nolan.
8:56 of 1st period - Stopped by Jamie Phillips with a rebound.
9:00 of 1st period - Snap shot by Jordan Nolan.
9:00 of 1st period - Shot Misses the Net.
9:02 of 1st period - Slapshot by Dylan Blujus.
9:02 of 1st period - Shot Blocked by Brendan Woods.
9:11 of 1st period - Slapshot by Jordan Nolan.
9:11 of 1st period - Stopped by Jamie Phillips with a rebound.
9:13 of 1st period - Slapshot by Jordan Nolan.
9:13 of 1st period - Stopped by Jamie Phillips with a rebound.
9:15 of 1st period - Slapshot by Jordan Nolan.
9:15 of 1st period - Shot Misses the Net.
9:17 of 1st period - Snap shot by Jordan Nolan.
9:17 of 1st period - Deflect By Riley Barber.
9:17 of 1st period - Shot Misses the Net.
9:17 of 1st period - Puck is out of play.
9:18 of 1st period - Chase Balisy wins face-off versus Alexandre Ranger in Lake Erie Monsters zone.
9:43 of 1st period - Nick Cousins is hit by Alexandre Ranger and loses puck.
11:27 of 1st period - Slapshot by Brandon Bollig.
11:27 of 1st period - Shot Blocked by Marco Roy.
11:43 of 1st period - Wrist shot by Hunter Shinkaruk.
11:43 of 1st period - Stopped by Parker Milner with a rebound.
12:14 of 1st period - Off-side.
12:15 of 1st period - Marco Roy wins face-off versus Chase Balisy in neutral zone.
12:28 of 1st period - Wrist shot by Ondrej Kase.
12:28 of 1st period - Stopped by Parker Milner without a rebound.
12:29 of 1st period - Nick Cousins wins face-off versus Riley Barber in Rimouski Oceanic zone.
12:30 of 1st period - Wrist shot by Ondrej Kase.
12:30 of 1st period - Stopped by Parker Milner with a rebound.
12:51 of 1st period - Snap shot by Alexandre Ranger.
12:51 of 1st period - Shot Blocked by Dysin Mayo.
13:04 of 1st period - Icing by Matt Puempel.
13:05 of 1st period - Chase Balisy wins face-off versus Marco Roy in Lake Erie Monsters zone.
13:05 of 1st period - Chase Balisy is hit by Andreas Englund.
13:50 of 1st period - Wrist shot by Ondrej Kase.
13:50 of 1st period - Shot Misses the Net.
13:58 of 1st period - Hunter Shinkaruk is hit by Steven Fogarty and loses puck.
14:03 of 1st period - Slapshot by Steven Fogarty.
14:03 of 1st period - Stopped by Jamie Phillips with a rebound.
14:05 of 1st period - Wrist shot by Zach Sanford.
14:05 of 1st period - Shot Hit the Post.
14:07 of 1st period - Snap shot by Zach Sanford.
14:07 of 1st period - Stopped by Jamie Phillips with a rebound.
14:09 of 1st period - Slapshot by Andreas Englund.
14:09 of 1st period - Deflect By Nick Cousins.
14:09 of 1st period - Stopped by Jamie Phillips with a rebound.
14:11 of 1st period - Wrist shot by Alexandre Ranger.
14:11 of 1st period - Shot Misses the Net.
14:13 of 1st period - Snap shot by Steven Fogarty.
14:13 of 1st period - Shot Misses the Net.
14:15 of 1st period - Snap shot by Mattias Backman.
14:15 of 1st period - Shot Misses the Net.
14:17 of 1st period - Slapshot by Zach Sanford.
14:17 of 1st period - Shot Misses the Net.
14:21 of 1st period - Snap shot by Alexandre Ranger.
14:21 of 1st period - Shot Blocked by Hunter Shinkaruk.
14:23 of 1st period - Slapshot by Steven Fogarty.
14:23 of 1st period - Stopped by Jamie Phillips without a rebound.
14:24 of 1st period - Riley Barber wins face-off versus Chase Balisy in Lake Erie Monsters zone.
14:25 of 1st period - Snap shot by Jordan Nolan.
14:25 of 1st period - Stopped by Jamie Phillips with a rebound.
14:27 of 1st period - Wrist shot by Mikkel Aagaard.
14:27 of 1st period - Deflect By Matt Puempel.
14:27 of 1st period - Shot Blocked by Maxim Lamarche.
14:27 of 1st period - Puck is out of play.
14:28 of 1st period - Chase Balisy wins face-off versus Riley Barber in Lake Erie Monsters zone.
15:02 of 1st period - Off-side.
15:03 of 1st period - Marco Roy wins face-off versus Nick Cousins in neutral zone.
15:19 of 1st period - Icing by Dysin Mayo.
15:20 of 1st period - Nick Cousins wins face-off versus Jordan Nolan in Lake Erie Monsters zone.
15:27 of 1st period - Jordan Nolan is hit by Robert Hagg.
16:17 of 1st period - Slapshot by Brendan Woods.
16:17 of 1st period - Stopped by Parker Milner with a rebound.
16:19 of 1st period - Wrist shot by Maxim Lamarche.
16:19 of 1st period - Stopped by Parker Milner with a rebound.
16:21 of 1st period - Backhand shot by Maxim Lamarche.
16:21 of 1st period - Deflect By Derek Hulak.
16:21 of 1st period - Shot Misses the Net.
16:21 of 1st period - Puck is out of play.
16:22 of 1st period - Ondrej Kase wins face-off versus Steven Fogarty in Rimouski Oceanic zone.
17:04 of 1st period - Chase Balisy is hit by Joe Whitney and loses puck.
17:11 of 1st period - Marco Roy is hit by Kurtis MacDermid.
17:37 of 1st period - Jordan Nolan is hit by Brandon Bollig and loses puck.
17:52 of 1st period - Snap shot by Brendan Woods.
17:52 of 1st period - Stopped by Parker Milner without a rebound.
17:53 of 1st period - Steven Fogarty wins face-off versus Brendan Woods in Rimouski Oceanic zone.
18:02 of 1st period - Wrist shot by Derek Hulak.
18:02 of 1st period - Stopped by Parker Milner with a rebound.
18:04 of 1st period - Slapshot by Robert Hagg.
18:04 of 1st period - Shot Blocked by Steven Fogarty.
18:06 of 1st period - Wrist shot by Turner Elson.
18:06 of 1st period - Stopped by Parker Milner without a rebound.
18:07 of 1st period - Riley Barber wins face-off versus Nick Cousins in Rimouski Oceanic zone.
18:32 of 1st period - Dylan Blujus is hit by Brendan Woods and loses puck.
18:57 of 1st period - Snap shot by Matt Puempel.
18:57 of 1st period - Shot Hit the Post.
19:19 of 1st period - Snap shot by Ondrej Kase.
19:19 of 1st period - Shot Misses the Net.
19:21 of 1st period - Wrist shot by Nick Cousins.
19:21 of 1st period - Shot Blocked by Dylan Blujus.
19:23 of 1st period - Slapshot by Ondrej Kase.
19:23 of 1st period - Deflect By Nick Cousins.
19:23 of 1st period - Shot Blocked by Alexandre Ranger.
19:23 of 1st period - Puck is out of play.
19:24 of 1st period - Marco Roy wins face-off versus Nick Cousins in Rimouski Oceanic zone.
19:47 of 1st period - Steven Fogarty is hit by Dysin Mayo and loses puck.
Goals for this period are 1 for Lake Erie Monsters vs 1 for Rimouski Oceanic.
Shots for this period are 13 for Lake Erie Monsters vs 12 for Rimouski Oceanic.

2nd period


0:01 of 2nd period - Hunter Shinkaruk wins face-off versus Riley Barber in neutral zone.
0:11 of 2nd period - Off-side.
0:12 of 2nd period - Riley Barber wins face-off versus Nick Cousins in neutral zone.
0:25 of 2nd period - Snap shot by Ondrej Kase.
0:25 of 2nd period - Shot Misses the Net.
1:00 of 2nd period - Riley Barber is hit by Derek Hulak and loses puck.
1:28 of 2nd period - Steven Fogarty and Kurtis MacDermid fight to a draw.
1:28 of 2nd period - Penalty to Steven Fogarty for Fighting.
1:28 of 2nd period - Penalty to Kurtis MacDermid for Fighting.
1:29 of 2nd period - Jordan Nolan wins face-off versus Nick Cousins in Rimouski Oceanic zone.
2:23 of 2nd period - Wrist shot by Brandon Bollig.
2:23 of 2nd period - Deflect By Ryan Olsen.
2:23 of 2nd period - Shot Misses the Net.
2:23 of 2nd period - Puck is out of play.
2:24 of 2nd period - Riley Barber wins face-off versus Ryan Olsen in Rimouski Oceanic zone.
2:24 of 2nd period - Riley Barber is hit by Matt MacKenzie.
2:44 of 2nd period - Snap shot by Zach Sanford.
2:44 of 2nd period - Shot Hit the Post.
2:50 of 2nd period - Alexandre Ranger is hit by Darren Dietz and loses puck.
3:03 of 2nd period - Zach Redmond is hit by Brendan Woods and loses puck.
3:10 of 2nd period - Mark Alt is hit by Robert Hagg and loses puck.
3:29 of 2nd period - Wrist shot by Brandon Bollig.
3:29 of 2nd period - Shot Misses the Net.
3:31 of 2nd period - Slapshot by Maxim Lamarche.
3:31 of 2nd period - Shot Blocked by Dylan Blujus.
3:33 of 2nd period - Slapshot by Joe Hicketts.
3:33 of 2nd period - Shot Misses the Net.
3:35 of 2nd period - Snap shot by Ryan Olsen.
3:35 of 2nd period - Deflect By Brandon Bollig.
3:35 of 2nd period - Stopped by Parker Milner without a rebound.
3:36 of 2nd period - Mikkel Aagaard wins face-off versus Nick Cousins in Rimouski Oceanic zone.
4:08 of 2nd period - Off-side.
4:09 of 2nd period - Jordan Nolan wins face-off versus Brendan Woods in neutral zone.
4:28 of 2nd period - Snap shot by Jeremy Morin.
4:28 of 2nd period - Shot Misses the Net.
4:54 of 2nd period - Marco Roy is hit by Robert Hagg and loses puck.
5:11 of 2nd period - Jordan Nolan is hit by Ryan Olsen and loses puck.
5:12 of 2nd period - Jordan Nolan from Rimouski Oceanic is injured at 5:12 of 2nd period (Right Hand).
5:13 of 2nd period - Nick Cousins wins face-off versus Riley Barber in Rimouski Oceanic zone.
5:20 of 2nd period - Snap shot by Ondrej Kase.
5:20 of 2nd period - Shot Blocked by Zach Redmond.
5:24 of 2nd period - Wrist shot by Hunter Shinkaruk.
5:24 of 2nd period - Stopped by Parker Milner with a rebound.
5:55 of 2nd period - Icing by Chase Balisy.
5:56 of 2nd period - Riley Barber wins face-off versus Chase Balisy in Lake Erie Monsters zone.
5:57 of 2nd period - Slapshot by Zach Sanford.
5:57 of 2nd period - Stopped by Jamie Phillips with a rebound.
5:59 of 2nd period - Snap shot by Joe Whitney.
5:59 of 2nd period - Deflect By Zach Sanford.
5:59 of 2nd period - Stopped by Jamie Phillips without a rebound.
6:00 of 2nd period - Nick Cousins wins face-off versus Joe Whitney in Lake Erie Monsters zone.
6:42 of 2nd period - Alexandre Ranger is hit by Joe Hicketts and loses puck.
6:49 of 2nd period - Wrist shot by Brendan Woods.
6:49 of 2nd period - Stopped by Parker Milner without a rebound.
6:50 of 2nd period - Riley Barber wins face-off versus Ondrej Kase in Rimouski Oceanic zone.
6:50 of 2nd period - Riley Barber is hit by Nick Cousins.
7:06 of 2nd period - Slapshot by Nick Cousins.
7:06 of 2nd period - Deflect By Hunter Shinkaruk.
7:06 of 2nd period - Goal by Hunter Shinkaruk - Lake Erie Monsters : 2 - Rimouski Oceanic : 1.
7:07 of 2nd period - Riley Barber wins face-off versus Nick Cousins in neutral zone.
7:14 of 2nd period - Snap shot by Ondrej Kase.
7:14 of 2nd period - Shot Misses the Net.
7:42 of 2nd period - Wrist shot by Maxim Lamarche.
7:42 of 2nd period - Shot Blocked by Riley Barber.
9:12 of 2nd period - Backhand shot by Brandon Bollig.
9:12 of 2nd period - Shot Misses the Net.
9:26 of 2nd period - Wrist shot by Nick Cousins.
9:26 of 2nd period - Goal by Nick Cousins - Lake Erie Monsters : 3 - Rimouski Oceanic : 1.
9:27 of 2nd period - Nick Cousins wins face-off versus Riley Barber in neutral zone.
9:57 of 2nd period - Snap shot by Zach Sanford.
9:57 of 2nd period - Stopped by Jamie Phillips with a rebound.
10:42 of 2nd period - Snap shot by Hunter Shinkaruk.
10:42 of 2nd period - Deflect By Nick Cousins.
10:42 of 2nd period - Shot Blocked by Taylor Fedun.
10:42 of 2nd period - Puck is out of play.
10:43 of 2nd period - Nick Cousins wins face-off versus Joe Whitney in Rimouski Oceanic zone.
10:46 of 2nd period - Snap shot by Nick Cousins.
10:46 of 2nd period - Stopped by Parker Milner with a rebound.
10:52 of 2nd period - Ondrej Kase is hit by Zach Sanford and loses puck.
11:55 of 2nd period - Icing by Robert Hagg.
11:56 of 2nd period - Mikkel Aagaard wins face-off versus Nick Cousins in Lake Erie Monsters zone.
12:04 of 2nd period - Off-side.
12:05 of 2nd period - Steven Fogarty wins face-off versus Ondrej Kase in neutral zone.
12:08 of 2nd period - Wrist shot by Zach Sanford.
12:08 of 2nd period - Stopped by Jamie Phillips with a rebound.
12:10 of 2nd period - Wrist shot by Zach Sanford.
12:10 of 2nd period - Goal by Zach Sanford - Lake Erie Monsters : 3 - Rimouski Oceanic : 2.
12:11 of 2nd period - Nick Cousins wins face-off versus Riley Barber in neutral zone.
12:43 of 2nd period - Slapshot by Matt Puempel.
12:43 of 2nd period - Stopped by Parker Milner with a rebound.
12:45 of 2nd period - Snap shot by Matt Puempel.
12:45 of 2nd period - Goal by Matt Puempel - Lake Erie Monsters : 4 - Rimouski Oceanic : 2.
12:46 of 2nd period - Nick Cousins wins face-off versus Joe Whitney in neutral zone.
13:32 of 2nd period - Snap shot by Turner Elson.
13:32 of 2nd period - Stopped by Parker Milner without a rebound.
13:33 of 2nd period - Riley Barber wins face-off versus Brendan Woods in Rimouski Oceanic zone.
13:46 of 2nd period - Snap shot by Brendan Woods.
13:46 of 2nd period - Deflect By Turner Elson.
13:46 of 2nd period - Stopped by Parker Milner with a rebound.
13:48 of 2nd period - Wrist shot by Derek Hulak.
13:48 of 2nd period - Stopped by Parker Milner with a rebound.
14:25 of 2nd period - Wrist shot by Jeremy Morin.
14:25 of 2nd period - Stopped by Parker Milner without a rebound.
14:26 of 2nd period - Riley Barber wins face-off versus Chase Balisy in Rimouski Oceanic zone.
14:31 of 2nd period - Matt Puempel is hit by Mikkel Aagaard and loses puck.
14:48 of 2nd period - Slapshot by Matt Puempel.
14:48 of 2nd period - Deflect By Taylor Fedun.
14:48 of 2nd period - Stopped by Parker Milner without a rebound.
14:49 of 2nd period - Nick Cousins wins face-off versus Riley Barber in Rimouski Oceanic zone.
14:50 of 2nd period - Snap shot by Ondrej Kase.
14:50 of 2nd period - Stopped by Parker Milner with a rebound.
14:52 of 2nd period - Wrist shot by Ondrej Kase.
14:52 of 2nd period - Shot Misses the Net.
14:54 of 2nd period - Slapshot by Maxim Lamarche.
14:54 of 2nd period - Stopped by Parker Milner without a rebound.
14:55 of 2nd period - Riley Barber wins face-off versus Nick Cousins in Rimouski Oceanic zone.
15:38 of 2nd period - Icing by Joe Hicketts.
15:39 of 2nd period - Nick Cousins wins face-off versus Riley Barber in Lake Erie Monsters zone.
15:46 of 2nd period - Wrist shot by Matt Puempel.
15:46 of 2nd period - Stopped by Parker Milner with a rebound.
15:48 of 2nd period - Slapshot by Jeremy Morin.
15:48 of 2nd period - Shot Blocked by Zach Redmond.
15:50 of 2nd period - Snap shot by Matt Puempel.
15:50 of 2nd period - Shot Blocked by Joe Whitney.
15:52 of 2nd period - Slapshot by Maxim Lamarche.
15:52 of 2nd period - Shot Misses the Net.
15:54 of 2nd period - Slapshot by Joe Hicketts.
15:54 of 2nd period - Stopped by Parker Milner with a rebound.
16:11 of 2nd period - Wrist shot by Zach Sanford.
16:11 of 2nd period - Stopped by Jamie Phillips with a rebound.
16:13 of 2nd period - Wrist shot by Alexandre Ranger.
16:13 of 2nd period - Shot Misses the Net.
16:17 of 2nd period - Snap shot by Zach Sanford.
16:17 of 2nd period - Shot Blocked by Darren Dietz.
17:09 of 2nd period - Marco Roy is hit by Ryan Olsen and loses puck.
17:29 of 2nd period - Andreas Englund is hit by Turner Elson and loses puck.
18:48 of 2nd period - Slapshot by Darren Dietz.
18:48 of 2nd period - Stopped by Parker Milner with a rebound.
18:52 of 2nd period - Wrist shot by Derek Hulak.
18:52 of 2nd period - Shot Blocked by Loic Leduc.
Goals for this period are 3 for Lake Erie Monsters vs 1 for Rimouski Oceanic.
Shots for this period are 18 for Lake Erie Monsters vs 6 for Rimouski Oceanic.

3rd period


0:01 of 3rd period - Nick Cousins wins face-off versus Marco Roy in neutral zone.
1:01 of 3rd period - Icing by Joe Hicketts.
1:02 of 3rd period - Brendan Woods wins face-off versus Riley Barber in Lake Erie Monsters zone.
1:50 of 3rd period - Snap shot by Brandon Bollig.
1:50 of 3rd period - Deflect By Zach Sanford.
1:50 of 3rd period - Shot Misses the Net.
1:50 of 3rd period - Puck is out of play.
1:51 of 3rd period - Riley Barber wins face-off versus Ryan Olsen in Rimouski Oceanic zone.
2:23 of 3rd period - Off-side.
2:24 of 3rd period - Nick Cousins wins face-off versus Alexandre Ranger in neutral zone.
3:00 of 3rd period - Slapshot by Steven Fogarty.
3:00 of 3rd period - Shot Blocked by Brendan Woods.
3:02 of 3rd period - Snap shot by Dylan Blujus.
3:02 of 3rd period - Shot Misses the Net.
3:04 of 3rd period - Slapshot by Mark Alt.
3:04 of 3rd period - Deflect By Zach Sanford.
3:04 of 3rd period - Shot Misses the Net.
3:04 of 3rd period - Puck is out of play.
3:05 of 3rd period - Marco Roy wins face-off versus Nick Cousins in Lake Erie Monsters zone.
3:12 of 3rd period - Wrist shot by Riley Barber.
3:12 of 3rd period - Stopped by Jamie Phillips with a rebound.
3:14 of 3rd period - Wrist shot by Riley Barber.
3:14 of 3rd period - Shot Blocked by Nick Cousins.
3:16 of 3rd period - Snap shot by Marco Roy.
3:16 of 3rd period - Deflect By Joe Whitney.
3:16 of 3rd period - Shot Blocked by Robert Hagg.
3:16 of 3rd period - Puck is out of play.
3:17 of 3rd period - Nick Cousins wins face-off versus Marco Roy in Lake Erie Monsters zone.
3:28 of 3rd period - Wrist shot by Joe Whitney.
3:28 of 3rd period - Stopped by Jamie Phillips without a rebound.
3:29 of 3rd period - Chase Balisy wins face-off versus Marco Roy in Lake Erie Monsters zone.
3:29 of 3rd period - Chase Balisy is hit by Riley Barber.
3:42 of 3rd period - Icing by Matt Puempel.
3:43 of 3rd period - Chase Balisy wins face-off versus Steven Fogarty in Lake Erie Monsters zone.
3:56 of 3rd period - Robert Hagg is hit by Alexandre Ranger and loses puck.
4:01 of 3rd period - Wrist shot by Jeremy Morin.
4:01 of 3rd period - Shot Blocked by Mark Alt.
4:03 of 3rd period - Slapshot by Robert Hagg.
4:03 of 3rd period - Shot Blocked by Mark Alt.
4:03 of 3rd period - Mark Alt from Rimouski Oceanic is injured at 4:03 of 3rd period (Sore Right Knee).
4:04 of 3rd period - Riley Barber wins face-off versus Nick Cousins in Rimouski Oceanic zone.
4:11 of 3rd period - Slapshot by Joe Hicketts.
4:11 of 3rd period - Deflect By Nick Cousins.
4:11 of 3rd period - Shot Blocked by Riley Barber.
4:11 of 3rd period - Puck is out of play.
4:12 of 3rd period - Nick Cousins wins face-off versus Riley Barber in Rimouski Oceanic zone.
4:47 of 3rd period - Wrist shot by Ondrej Kase.
4:47 of 3rd period - Stopped by Parker Milner with a rebound.
4:59 of 3rd period - Wrist shot by Nick Cousins.
4:59 of 3rd period - Shot Blocked by Taylor Fedun.
5:21 of 3rd period - Wrist shot by Nick Cousins.
5:21 of 3rd period - Stopped by Parker Milner with a rebound.
5:23 of 3rd period - Slapshot by Maxim Lamarche.
5:23 of 3rd period - Stopped by Parker Milner with a rebound.
5:29 of 3rd period - Snap shot by Nick Cousins.
5:29 of 3rd period - Stopped by Parker Milner with a rebound.
5:31 of 3rd period - Slapshot by Joe Hicketts.
5:31 of 3rd period - Shot Blocked by Mikkel Aagaard.
5:33 of 3rd period - Wrist shot by Hunter Shinkaruk.
5:33 of 3rd period - Deflect By Nick Cousins.
5:33 of 3rd period - Shot Blocked by Taylor Fedun.
5:33 of 3rd period - Puck is out of play.
5:34 of 3rd period - Chase Balisy wins face-off versus Steven Fogarty in Rimouski Oceanic zone.
5:48 of 3rd period - Slapshot by Jeremy Morin.
5:48 of 3rd period - Stopped by Parker Milner with a rebound.
6:58 of 3rd period - Zach Sanford is hit by Darren Dietz and loses puck.
7:25 of 3rd period - Wrist shot by Brendan Woods.
7:25 of 3rd period - Shot Misses the Net.
7:28 of 3rd period - Icing by Joe Whitney.
7:29 of 3rd period - Steven Fogarty wins face-off versus Ryan Olsen in Rimouski Oceanic zone.
7:29 of 3rd period - Steven Fogarty is hit by Matt MacKenzie.
8:19 of 3rd period - Off-side.
8:20 of 3rd period - Chase Balisy wins face-off versus Marco Roy in neutral zone.
8:22 of 3rd period - Off-side.
8:23 of 3rd period - Chase Balisy wins face-off versus Marco Roy in neutral zone.
8:33 of 3rd period - Wrist shot by Joe Whitney.
8:33 of 3rd period - Deflect By Marco Roy.
8:33 of 3rd period - Shot Misses the Net.
8:33 of 3rd period - Puck is out of play.
8:34 of 3rd period - Nick Cousins wins face-off versus Riley Barber in Lake Erie Monsters zone.
8:41 of 3rd period - Wrist shot by Ondrej Kase.
8:41 of 3rd period - Goal by Ondrej Kase - Lake Erie Monsters : 5 - Rimouski Oceanic : 2.
8:42 of 3rd period - Marco Roy wins face-off versus Nick Cousins in neutral zone.
8:47 of 3rd period - Slapshot by Zach Redmond.
8:47 of 3rd period - Shot Misses the Net.
8:49 of 3rd period - Slapshot by Zach Redmond.
8:49 of 3rd period - Deflect By Ondrej Kase.
8:49 of 3rd period - Stopped by Jamie Phillips without a rebound.
8:50 of 3rd period - Marco Roy wins face-off versus Nick Cousins in Lake Erie Monsters zone.
8:51 of 3rd period - Snap shot by Riley Barber.
8:51 of 3rd period - Stopped by Jamie Phillips without a rebound.
8:52 of 3rd period - Hunter Shinkaruk wins face-off versus Marco Roy in Lake Erie Monsters zone.
9:03 of 3rd period - Slapshot by Taylor Fedun.
9:03 of 3rd period - Deflect By Joe Whitney.
9:03 of 3rd period - Shot Misses the Net.
9:03 of 3rd period - Puck is out of play.
9:04 of 3rd period - Chase Balisy wins face-off versus Steven Fogarty in Lake Erie Monsters zone.
9:29 of 3rd period - Darren Dietz is hit by Joe Whitney.
9:35 of 3rd period - Snap shot by Riley Barber.
9:35 of 3rd period - Stopped by Jamie Phillips with a rebound.
9:37 of 3rd period - Wrist shot by Mattias Backman.
9:37 of 3rd period - Stopped by Jamie Phillips with a rebound.
9:39 of 3rd period - Wrist shot by Riley Barber.
9:39 of 3rd period - Shot Blocked by Darren Dietz.
9:57 of 3rd period - Turner Elson is hit by Mikkel Aagaard and loses puck.
10:25 of 3rd period - Icing by Zach Sanford.
10:26 of 3rd period - Steven Fogarty wins face-off versus Nick Cousins in Rimouski Oceanic zone.
10:31 of 3rd period - Backhand shot by Taylor Fedun.
10:31 of 3rd period - Shot Misses the Net.
10:33 of 3rd period - Wrist shot by Alexandre Ranger.
10:33 of 3rd period - Shot Misses the Net.
10:35 of 3rd period - Slapshot by Zach Redmond.
10:35 of 3rd period - Shot Misses the Net.
10:57 of 3rd period - Jeremy Morin is hit by Mattias Backman and loses puck.
13:07 of 3rd period - Snap shot by Matt Puempel.
13:07 of 3rd period - Shot Hit the Post.
14:28 of 3rd period - Ben Marshall is hit by Robert Hagg and loses puck.
15:00 of 3rd period - Joe Whitney is hit by Kurtis MacDermid and loses puck.
15:13 of 3rd period - Dylan Blujus is hit by Maxim Lamarche.
15:14 of 3rd period - Icing by Dylan Blujus.
15:15 of 3rd period - Riley Barber wins face-off versus Brendan Woods in Rimouski Oceanic zone.
15:29 of 3rd period - Minor Penalty to Joe Whitney for Interference.
15:30 of 3rd period - Riley Barber wins face-off versus Nick Cousins in Rimouski Oceanic zone.
17:17 of 3rd period - Zach Redmond is hit by Turner Elson and loses puck.
17:29 of 3rd period - Penalty to Joe Whitney is over, Joe Whitney is back on ice.
17:44 of 3rd period - Snap shot by Joe Whitney.
17:44 of 3rd period - Stopped by Jamie Phillips without a rebound.
17:45 of 3rd period - Ryan Olsen wins face-off versus Joe Whitney in Lake Erie Monsters zone.
17:58 of 3rd period - Mattias Backman is hit by Brandon Bollig and loses puck.
18:09 of 3rd period - Mattias Backman is hit by Turner Elson and loses puck.
18:24 of 3rd period - Minor Penalty to Steven Fogarty for Holding.
18:25 of 3rd period - Riley Barber wins face-off versus Nick Cousins in Rimouski Oceanic zone.
18:32 of 3rd period - Slapshot by Taylor Fedun.
18:32 of 3rd period - Stopped by Jamie Phillips with a rebound.
18:34 of 3rd period - Slapshot by Taylor Fedun.
18:34 of 3rd period - Shot Blocked by Nick Cousins.
18:36 of 3rd period - Slapshot by Zach Redmond.
18:36 of 3rd period - Stopped by Jamie Phillips with a rebound.
18:38 of 3rd period - Slapshot by Taylor Fedun.
18:38 of 3rd period - Deflect By Riley Barber.
18:38 of 3rd period - Shot Blocked by Maxim Lamarche.
18:38 of 3rd period - Puck is out of play.
18:39 of 3rd period - Nick Cousins wins face-off versus Riley Barber in Lake Erie Monsters zone.
19:12 of 3rd period - Wrist shot by Chase Balisy.
19:12 of 3rd period - Deflect By Matt Puempel.
19:12 of 3rd period - Shot Blocked by Mikkel Aagaard.
19:12 of 3rd period - Puck is out of play.
19:13 of 3rd period - Chase Balisy wins face-off versus Riley Barber in Rimouski Oceanic zone.
19:30 of 3rd period - Riley Barber is hit by Darren Dietz and loses puck.
19:51 of 3rd period - Backhand shot by Matt Puempel.
19:51 of 3rd period - Stopped by Parker Milner without a rebound.
19:52 of 3rd period - Nick Cousins wins face-off versus Marco Roy in Rimouski Oceanic zone.
19:57 of 3rd period - Slapshot by Ondrej Kase.
19:57 of 3rd period - Shot Misses the Net.
Goals for this period are 1 for Lake Erie Monsters vs 0 for Rimouski Oceanic.
Shots for this period are 7 for Lake Erie Monsters vs 9 for Rimouski Oceanic.